 Dungeon Crawl Stone Soup version 0.18-a0-1060-g4fac74f (webtiles) character file.

14956 kae the Arsonist (level 12, -3/80 HPs)
             Began as a Tengu Fire Elementalist on Jan 12, 2016.
             Was an Elder of Vehumet.
             Slain by a black mamba (17 damage)
             ... on level 2 of the Lair of Beasts.
             The game lasted 00:27:00 (15425 turns).

kae the Arsonist (Tengu Fire Elementalist)         Turns: 15425, Time: 00:27:01

Health: -3/80      AC:  5    Str: 10    XL:     12   Next: 21%
Magic:  20/31      EV: 18    Int: 19    God:    Vehumet [****..]
Gold:   683        SH:  0    Dex: 15    Spells: 6 memorised, 7 levels left

rFire  . . .     SeeInvis .     B - +2 spear (flame)
rCold  . . .     Gourm    .     k - +0 robe
rNeg   . . .     Faith    .     (no shield)
rPois  .         Spirit   .     (helmet restricted)
rElec  .         Dismiss  .     h - +1 cloak {MR+}
rCorr  .         Reflect  .     q - +0 pair of gloves
SustAt .         Harm     .     (boots unavailable)
MR     +....                    (no amulet)
Stlth  +++.......               A - ring of stealth
                                t - ring of magical power

@: lethally poisoned (-3 -> -23), somewhat resistant to hostile enchantments,
fairly stealthy
A: beak, talons 3, able to fly 1
a: Fly, Renounce Religion


You were on level 2 of the Lair of Beasts.
You worshipped Vehumet.
Vehumet was greatly pleased with you.
You were hungry.

You visited 3 branches of the dungeon, and saw 12 of its levels.

You collected 683 gold pieces.

Inventory:

Hand Weapons
 B - a +2 spear of flaming (weapon)
Armour
 h - a +1 cloak of magic resistance (worn)
 k - a +0 robe (worn)
 q - a +0 pair of gloves (worn)
Jewellery
 t - a ring of magical power (left hand)
 A - a ring of stealth (right hand)
 F - an uncursed ring of protection from cold {unknown}
Wands
 i - a wand of polymorph (8/24)
 u - a wand of random effects (23/48)
 v - a wand of lightning (5/15)
 w - a wand of random effects (14/48)
 z - a wand of frost (29/48)
 G - a wand of flame (33/48)
 H - a wand of draining (8/15)
Scrolls
 f - 2 scrolls of teleportation
 g - a scroll of recharging
 o - 3 scrolls of remove curse
 r - 2 scrolls of silence
 y - a scroll of fog
 E - a scroll of amnesia
Potions
 a - a potion of cure mutation {unknown}
 l - 3 potions of curing
 m - a potion of haste
 n - 2 potions of cancellation
 s - a potion of might
 C - a potion of lignification {unknown}
Books
 e - a book of Flames

   Spells                             Type                      Level
   a - Flame Tongue                   Conjuration/Fire             1
   b - Throw Flame                    Conjuration/Fire             2
   c - Conjure Flame                  Conjuration/Fire             3
   d - Inner Flame                    Hexes/Fire                   3
   e - Sticky Flame                   Conjuration/Fire             4
   f - Fireball                       Conjuration/Fire             5
 j - a book of the Sky

   Spells                             Type                      Level
   a - Summon Lightning Spire         Summoning/Air                4
   b - Airstrike                      Air                          4
   c - Silence                        Hexes/Air                    5
   d - Deflect Missiles               Charms/Air                   6
   e - Conjure Ball Lightning         Conjuration/Air              6
   f - Tornado                        Air                          9
Comestibles
 b - a slice of pizza
 c - 4 bread rations
 d - 6 meat rations
 p - 4 chunks of flesh
 x - 7 royal jellies
 D - 12 fruits


   Skills:
 - Level 11.0 Fighting
 - Level 9.0 Dodging
 - Level 2.0 Stealth
 - Level 6.1 Spellcasting
 - Level 10.0 Conjurations
 + Level 11.2 Fire Magic


You had 7 spell levels left.
You knew the following spells:

 Your Spells              Type           Power        Failure   Level  Hunger
a - Flame Tongue          Conj/Fire      #####        1%          1    None
b - Throw Flame           Conj/Fire      #####.       1%          2    None
c - Conjure Flame         Conj/Fire      #####...     1%          3    ##.....
d - Sticky Flame          Conj/Fire      #####...     1%          4    ####...
e - Shock                 Conj/Air       ###.         1%          1    None
f - Fireball              Conj/Fire      #####.....   1%          5    #####..


Dungeon Overview and Level Annotations

Branches:
Dungeon (9/15)             Temple (1/1) D:4            Lair (2/8) D:9
    Orc: D:9-12

Altars:
Ashenzari
Cheibriados
Dithmenos
Elyvilon
Fedhas
Gozag
Kikubaaqudgha
Makhleb
Nemelex Xobeh
Okawaru
Pakellas
Qazlal
Ru
Sif Muna
Trog
Vehumet
Xom
Yredelemnul
Zin
The Shining One

Shops:
D:4 (   D:9 *


Innate Abilities, Weirdness & Mutations

You have a beak for a mouth.
You have claws for feet.
You can fly.


Message History

Confirm with . or Enter, or press ? or * to list all spells.
Aiming: Sticky Flame
Press: ? - help, Shift-Dir - straight line, f/p - black mamba
Aim: a black mamba (moderately wounded, covered in liquid flames)
The sticky flame hits the black mamba.
The black mamba is moderately wounded.
The black mamba is covered in liquid flames!
You are feeling hungry.
* * * LOW HITPOINT WARNING * * *
You feel sick.
The black mamba burns!
The black mamba misses you.
Casting: Sticky Flame
Confirm with . or Enter, or press ? or * to list all spells.
Aiming: Flame Tongue
Press: ? - help, Shift-Dir - straight line, f/p - black mamba
Aim: a black mamba (heavily wounded, covered in liquid flames)
The flame tongue hits the black mamba.
The black mamba is severely wounded.
* * * LOW HITPOINT WARNING * * *
You feel sick.
The black mamba burns!
The black mamba bites you!
You die...

.............##
...........###
..........#.#
.(.....#..### ..........#
..........## .
.....P.....### ..
.....##....#.# ### ...
.....#.......###@# ....
.............##S####..⌠..
.............#.t.#.......
.................tF......
.........P..#⌠.>..+.⌠.>.⌠
##P......P........# .....
###.........##.⌠.........
##...........#######..⌠..
............. . ..


You could see a black mamba (burning) and a crocodile.

Vanquished Creatures
  Pikel (D:9)
  2 black mambas (Lair:1)
  3 spiny frogs (Lair:1)
  The ghost of Chiseanne the Gusty, a novice CeAE of Pakellas (D:5)
  2 komodo dragons
  A fire drake (D:9)
  A queen bee (D:9)
  14 blink frogs
  A wraith (D:9)
  The ghost of PinkishYellow the Gusty, an amateur TeAE (D:4)
  10 yaks (Lair:1)
  A basilisk (Lair:2)
  A hippogriff (D:9)
  A hungry ghost (D:7)
  A vampire mosquito (D:9)
  4 water moccasins
  2 porcupines (Lair:1)
  3 orc warriors
  A black bear (Lair:2)
  A phantom (D:8)
  4 slaves (D:9)
  4 ice beasts
  5 sky beasts
  A necrophage (D:9)
  2 ogres
  7 centaurs
  2 crocodiles (Lair:1)
  An elf zombie (D:9)
  14 giant frogs
  A water moccasin skeleton (D:5)
  6 scorpions
  7 wights
  17 killer bees (D:9)
  2 electric eels (Lair:1)
  A centaur zombie (D:9)
  3 crimson imps
  5 hounds
  A centaur skeleton (D:5)
  2 jellies
  4 human zombies (D:9)
  5 orc priests
  A human skeleton (D:9)
  Crazy Yiuf (D:3)
  2 giant frog skeletons
  Ijyb (D:3)
  7 iguanas
  5 orc wizards
  6 worker ants
  A killer bee zombie (D:9)
  An ogre zombie (D:9)
  A worker ant zombie (D:6)
  4 gnolls (D:2)
  10 adders
  17 river rats
  2 oozes
  An adder skeleton (D:8)
  3 worms
  8 giant geckos
  20 orcs
  8 giant cockroaches
  7 goblins
  3 hobgoblins
  2 quokkas
  2 ball pythons (D:4)
  3 bats
  A giant gecko skeleton (D:7)
  A giant gecko zombie (D:9)
  2 giant newts
  A jackal zombie (D:8)
  7 kobolds
  A quokka zombie (D:7)
  11 rats
  4 butterflies (D:4)
  A fungus (D:3)
291 creatures vanquished.

Vanquished Creatures (others)
  12 plants (Lair:1)
12 creatures vanquished.

Grand Total: 303 creatures vanquished

Notes
Turn   | Place    | Note
--------------------------------------------------------------
     0 | D:1      | kae the Tengu Fire Elementalist began the quest for the Orb.
     0 | D:1      | Reached XP level 1. HP: 10/10 MP: 4/4
    31 | D:1      | Found a shattered altar of Ashenzari.
   392 | D:1      | Reached XP level 2. HP: 15/15 MP: 4/6
   773 | D:2      | Found a stormy altar of Qazlal.
   795 | D:2      | Reached skill level 4 in Fire Magic
   795 | D:2      | Reached XP level 3. HP: 17/19 MP: 1/7
  1333 | D:2      | Learned a level 2 spell: Throw Flame
  1337 | D:2      | Learned a level 3 spell: Conjure Flame
  1535 | D:2      | Reached XP level 4. HP: 2/24 MP: 2/8
  1974 | D:3      | Found a faded altar to an unknown god.
  2321 | D:3      | Found an opulent altar of Gozag.
  2409 | D:3      | Reached skill level 5 in Fire Magic
  2598 | D:3      | Noticed Ijyb
  2634 | D:3      | Gained mutation: You can fly. [Tengu growth]
  2634 | D:3      | Reached XP level 5. HP: 28/28 MP: 5/9
  2871 | D:3      | Noticed Crazy Yiuf
  2878 | D:3      | Killed Crazy Yiuf
  3199 | D:3      | Killed Ijyb
  3199 | D:3      | Reached XP level 6. HP: 32/32 MP: 8/11
  3524 | D:3      | Found a stormy altar of Qazlal.
  3570 | D:4      | Noticed PinkishYellow's ghost (amateur TeAE)
  3586 | D:4      | Killed PinkishYellow's ghost
  3586 | D:4      | Reached skill level 5 in Conjurations
  3586 | D:4      | Reached skill level 6 in Fire Magic
  3650 | D:4      | Reached XP level 7. HP: 29/36 MP: 12/12
  3678 | D:4      | Found a staircase to the Ecumenical Temple.
  3685 | Temple   | Entered the Ecumenical Temple
  3746 | D:4      | Found a radiant altar of Vehumet.
  3791 | D:4      | Became a worshipper of Vehumet
  4379 | D:4      | Found Toled's Weapon Emporium.
  4432 | D:5      | Entered Level 5 of the Dungeon
  4592 | D:5      | Learned a level 4 spell: Sticky Flame
  4605 | D:5      | Noticed Chiseanne's ghost (novice CeAE)
  4738 | D:5      | Killed Chiseanne's ghost
  4738 | D:5      | Reached skill level 7 in Conjurations
  4738 | D:5      | Reached XP level 8. HP: 26/41 MP: 14/14
  5075 | D:5      | Found a sparkling altar of Nemelex Xobeh.
  5426 | D:6      | Reached skill level 8 in Conjurations
  5736 | D:6      | Found a white marble altar of Elyvilon.
  5888 | D:6      | Reached * piety under Vehumet
  5888 | D:6      | Offered knowledge of Shock by Vehumet.
  5919 | D:6      | Learned a level 1 spell: Shock
  6471 | D:6      | Found a glowing silver altar of Zin.
  6622 | D:7      | Reached skill level 9 in Conjurations
  6622 | D:7      | Reached XP level 9. HP: 40/45 MP: 16/17
  6655 | D:7      | Found a bloodstained altar of Trog.
  6830 | D:7      | Found a deep blue altar of Sif Muna.
  7071 | D:7      | Reached skill level 5 in Spellcasting
  7528 | D:7      | Learned a level 5 spell: Fireball
  7553 | D:7      | Reached skill level 10 in Conjurations
  7646 | D:7      | Found a shadowy altar of Dithmenos.
  7978 | D:7      | Reached skill level 10 in Fire Magic
  8535 | D:8      | Reached XP level 10. HP: 50/50 MP: 20/20
  8634 | D:8      | Reached skill level 11 in Fire Magic
  8672 | D:8      | Offered knowledge of Magic Dart by Vehumet.
  8703 | D:8      | Reached ** piety under Vehumet
  8703 | D:8      | Reached skill level 1 in Fighting
  8867 | D:8      | Found a burning altar of Makhleb.
  9010 | D:8      | Found an ancient bone altar of Kikubaaqudgha.
  9268 | D:9      | Found Xebben's General Store.
  9367 | D:9      | Noticed Pikel
  9384 | D:9      | Killed Pikel
  9384 | D:9      | Reached skill level 5 in Fighting
  9756 | D:9      | Found a glowing golden altar of the Shining One.
 10017 | D:9      | Found a staircase to the Lair.
 10064 | D:9      | Offered knowledge of Stone Arrow by Vehumet.
 10114 | D:9      | Reached *** piety under Vehumet
 10578 | D:8      | Offered knowledge of Ignite Poison by Vehumet.
 11037 | D:9      | Reached XP level 11. HP: 65/69 MP: 21/21
 11579 | D:9      | Found a basalt altar of Yredelemnul.
 11891 | D:9      | Found an iron altar of Okawaru.
 11926 | Lair:1   | Entered Level 1 of the Lair of Beasts
 12287 | Lair:1   | Reached **** piety under Vehumet
 12365 | Lair:1   | Reached skill level 10 in Fighting
 12667 | Lair:1   | Offered knowledge of Irradiate by Vehumet.
 13949 | Lair:1   | Reached skill level 5 in Dodging
 14387 | Lair:1   | Reached XP level 12. HP: 80/80 MP: 22/22
 14972 | Lair:1   | Reached ***** piety under Vehumet
 14972 | Lair:1   | Offered knowledge of Freezing Cloud by Vehumet.
 15425 | Lair:2   | Slain by a black mamba

Vault maps used:
D:1:      dpeg_arrival_tiny_a, ashenzari_altar_1
D:2:      grunt_qazlal_sundering
D:3:      lemuel_upstairs_altar, nicolae_overflow_hidden_temple,
          ecumenical_altar_1, minmay_gold_behind_fungi, uniq_iyjb,
          uniq_crazy_yiuf_cottage
D:4:      vehumet_altar_wand_db, minmay_temple_entry_butterflies,
          portal_sewer_entry_e, serial_shops, shop
D:5:      kennysheep_mini_moat, first_bread
D:6:      lemuel_doored_altar, basic_altar
D:7:      old_standard_altar, lemuel_round_altar,
          grunt_dithmenos_smoke_and_mirrors
D:8:      kennysheep_little_box, old_standard_altar
D:9:      kennysheep_big_flooded_room, kennysheep_okawaru_gauntlet,
          lemuel_mausoleum_altar_yredelemnul, minmay_lair_entry_lava,
          serial_shops, shop, david_nohive_1, nicolae_tso_carved_into_rock,
          uniq_pikel
Temple:   eino_wide_crystal_templ_10
Lair:1:   minivault_23, grunt_megastairs_4, lemuel_fruit_fields,
          serial_bayou_shore_a, lemuel_fruit_tree, bh_autumn_forest_stairs
Lair:2:   lab_entry_generic, serial_bayou_pond_e, fungi_pond_lemuel,
          grunt_megastairs_3

Action                   |  1- 3 |  4- 6 |  7- 9 | 10-12 || total
-------------------------+-------+-------+-------+-------++-------
Melee: Dagger            |    17 |       |       |       ||    17
       Spear             |     9 |    40 |    51 |    28 ||   128
 Cast: Flame Tongue      |    45 |    60 |   206 |   457 ||   768
       Conjure Flame     |     1 |     5 |     4 |     3 ||    13
       Throw Flame       |       |    11 |    65 |    94 ||   170
       Sticky Flame      |       |       |     5 |    41 ||    46
       Shock             |       |       |       |    15 ||    15
       Fireball          |       |       |       |     2 ||     2
Evoke: Wand              |       |       |     5 |       ||     5
  Use: Scroll            |       |     1 |    17 |     3 ||    21
       Potion            |       |       |       |     1 ||     1
 Stab: Sleeping          |     1 |     1 |     8 |     3 ||    13
       Distracted        |       |       |     1 |       ||     1
  Eat: Chunk             |     1 |    10 |    14 |    15 ||    40
       Beef jerky        |       |       |     1 |     1 ||     2
       Pizza             |       |       |     1 |       ||     1
       Fruit             |       |       |       |     1 ||     1
       Meat ration       |       |       |       |     1 ||     1
       Bread ration      |       |       |       |     1 ||     1
